 Dungeon Crawl Stone Soup version 0.27-a0-46-g34d46f0a3f (webtiles) character file.

Game seed: 18135300363167316924

254 Borgoz the Ruffian (level 6, -4/51 HPs)
             Began as a Ghoul Gladiator on Jan 6, 2021.
             Slain by a phantom (8 damage)
             ... on level 4 of the Dungeon.
             The game lasted 00:03:39 (3310 turns).

Borgoz the Ruffian (Ghoul Gladiator)                Turns: 3310, Time: 00:03:39

Health: -4/51      AC:  7    Str: 20    XL:     6   Next: 14%
Magic:  5/5        EV: 13    Int:  3    God:
Gold:   160        SH:  0    Dex: 10    Spells: 5/5 levels left

rFire    . . .     SeeInvis .     - Unarmed
rCold    + . .     Faith    .   (no shield)
rNeg     + + +     Spirit   .   a - +0 leather armour
rPois    ∞         Reflect  .   b - +1 helmet
rElec    .         Harm     .   h - +1 cloak {rPois}
rCorr    .         Rampage  .   (no gloves)
Will     .....                  (no boots)
Stlth    +.........             (no amulet)
HPRegen  0.00/turn              (no ring)
MPRegen  0.09/turn              (no ring)

@: flying
A: claws 1, cold resistance 1, negative energy resistance 3, inhibited
regeneration, torment resistance, unbreathing
a: no special abilities


You were on level 4 of the Dungeon.
You visited 1 branch of the dungeon, and saw 4 of its levels.

You collected 160 gold pieces.

Inventory:

Missiles
 c - a throwing net (quivered)
Armour
 a - a +0 leather armour (worn)
 b - a +1 helmet (worn)
 h - a +1 cloak of poison resistance (worn)
Scrolls
 e - 3 scrolls of remove curse
 f - 2 scrolls of amnesia
 g - a scroll of enchant weapon
 i - a scroll of enchant armour
 k - 2 scrolls of fear
Potions
 d - a potion of flight


   Skills:
 + Level 3.5 Fighting
 - Level 1.7 Throwing
 + Level 2.1 Armour
 * Level 4.3 Dodging
 + Level 4.4 Unarmed Combat


You had 5 spell levels left.
You didn't know any spells.
Your spell library was empty.

Dungeon Overview and Level Annotations

Branches:
Dungeon (4/15)
 Temple: D:4-7

Altars:
Cheibriados

Annotations:
D:2 Sigmund


Innate Abilities, Weirdness & Mutations

You thrive by killing the living.
You are immune to poison.
You have sharp fingernails.
Your flesh is cold resistant. (rC+)
You are immune to negative energy. (rN+++)
You do not regenerate when monsters are visible.
You are immune to unholy pain and torment.
You can survive without breathing.


Message History

You are too injured to fight recklessly!
You are too injured to fight recklessly!
You are too injured to fight recklessly!
You are too injured to fight recklessly!
You are too injured to fight recklessly!
You are too injured to fight recklessly!
You are too injured to fight recklessly!
You are too injured to fight recklessly!
You are too injured to fight recklessly!
You are too injured to fight recklessly!
You are too injured to fight recklessly!
You are too injured to fight recklessly!
It was a potion of flight.
You feel very buoyant.
You fly up into the air.
The leopard gecko bites you but does no damage.
The orc warrior hits you with a +0 short sword!
* * * LOW HITPOINT WARNING * * *
The phantom hits you!
You die...

......†.#.....##....
#............†......
......#..........##.
.....##.....###.##
.................##.
#...................
#..............$....
............W.......
......##...@......§
..#..# #...l.......
.##.# #..o)....?..
.. #............
#.....#......).
...............
...............
...............
...............


You could see a phantom, an orc warrior and a leopard gecko.

Vanquished Creatures
  Crazy Yiuf (D:3)
  2 worker ants (D:4)
  3 gnolls (D:2)
  7 adders
  An ooze (D:3)
  2 worms (D:2)
  A dart slug (D:1)
  A leopard gecko (D:3)
  5 orcs
  5 giant cockroaches
  4 goblins (D:1)
  5 hobgoblins
  5 jackals
  3 quokkas (D:3)
  5 ball pythons
  13 bats
  2 frilled lizards (D:1)
  8 kobolds
  5 rats
78 creatures vanquished.

Notes
Turn   | Place    | Note
-------+----------+-------------------------------------------
     0 | D:1      | Borgoz the Ghoul Gladiator began the quest for the Orb.
     0 | D:1      | Reached XP level 1. HP: 17/17 MP: 0/0
   237 | D:1      | Found a snail-covered altar of Cheibriados.
   268 | D:1      | Reached XP level 2. HP: 25/25 MP: 1/1
   674 | D:1      | Reached XP level 3. HP: 30/30 MP: 2/2
   991 | D:1      | Reached skill level 1 in Armour
  1155 | D:2      | Found a faded altar of an unknown god.
  1177 | D:2      | Noticed Sigmund
  1189 | D:2      | HP: 1/30 [something (10)]
  1541 | D:2      | Reached XP level 4. HP: 24/37 MP: 3/3
  2105 | D:2      | Reached XP level 5. HP: 14/45 MP: 4/4
  2727 | D:3      | Found a runed translucent door.
  2728 | D:3      | Noticed Crazy Yiuf
  3046 | D:3      | Killed Crazy Yiuf
  3167 | D:4      | Reached XP level 6. HP: 33/51 MP: 5/5
  3290 | D:4      | Noticed an orc warrior
  3297 | D:4      | Noticed a phantom
  3310 | D:4      | Slain by a phantom

Illustrated notes

Levels and vault maps discovered:
D:1:      dpeg_chamrin_arrival_tetris, layout_loops_corners, cheibriados_altar_1
D:2:      layout_rooms, chequers_ecumenical_altar_simple, uniq_sigmund
D:3:      layout_basic, uniq_crazy_yiuf_cottage
D:4:      layout_cave_pools, minmay_temple_entry_overgrown

Skill      XL: |  1  2  3  4  5 |
---------------+----------------+-----
Dodging        | 3 4 |  4.3
Armour         | 1 2 |  2.1
Fighting       | 3 |  3.5
Unarmed Combat | 4 |  4.4
Throwing       | |  1.7

Action                   |  1- 3 |  4- 6 || total
-------------------------+-------+-------++-------
Melee: Unarmed           |   139 |   201 ||   340
       Punch             |     3 |     3 ||     6
Throw: Throwing net      |       |     3 ||     3
  Use: Potion            |     3 |     1 ||     4
       Scroll            |       |     6 ||     6
 Stab: Held in net/web   |       |     2 ||     2
       Invisible         |       |     1 ||     1
Armor: Leather armour    |    67 |    82 ||   149
Dodge: Dodged            |   146 |   194 ||   340

Table legend: (Time is in decaauts)
 A = Elapsed time spent in this place.
 B = Non-inter-level travel time spent in this place.
 C = Inter-level travel time spent in this place.
 D = Time resting spent in this place.
 E = Time spent auto-exploring this place.
 F = Levels seen in this place.
 G = Mean time per level.
                   A        B        C        D        E       F      G
               +--------+--------+--------+--------+--------+-----+--------+
         Total |   3271 |   3207 |     64 |    919 |   1644 |   4 |  817.8 |
       Dungeon |   3271 |   3207 |     64 |    919 |   1644 |   4 |  817.8 |
               +--------+--------+--------+--------+--------+-----+--------+

Top non-repeatable levels by time:
     D:1: 1385 daAuts
     D:3: 1123 daAuts
     D:2: 608 daAuts
     D:4: 154 daAuts
